Unix NetHack Version 5.0.0-0 post-release - last build May  4 2026 22:22:43 (774f63e81ad911689b3a0859ea89b322d5daca8d,branch:main).

Game began 2026-05-06 17:19:27, ended 2026-05-06 20:38:42.

Barrb, neutral female human Barbarian

  ---
 --....|
 |...(.--
 |.......
 |.....+---
 |........----
 |...........--
 |.--...|.--..--
 |.|-------|....
 |.|       -....-
 |.| .-----.......
 |..^..[.......'.
 --- ..---...f@-
     -.|  --..--
           |.^|
           |..|
            ---

Barrb the Bandit           St:18 Dx:14 Co:18 In:8 Wi:10 Ch:7  Neutral
Dlvl:11 $:124 HP:0(89) Pw:32(32) AC:0  Xp:8 T:8412  Stressed

Latest messages:
 The large cat picks up a partly used candle (lit).
 The large cat drops a partly used candle (lit).
 The large cat picks up a partly used candle (lit).
 You smite the mountain nymph!
 You hear some noises in the distance.
 You kill the mountain nymph!
 There are several objects here.
 You have a little trouble lifting x - an uncursed +0 dwarvish cloak.
 h - a scroll labeled ETAOIN SHRDLU.
 What do you want to wear? [x or ?*] x
 You are now wearing a dwarvish cloak.
 You kill the dwarf!
 There are several objects here.
 You see here a scroll labeled TEMOV.
 You have a little trouble lifting P - a scroll labeled TEMOV.
 KAABLAMM!!!  You triggered a land mine!
 You rebalance your load.  Movement is difficult.
 You escape a pit.
 The gnome lord hits!
 The large cat bites the gnome lord.
 The gnome lord misses the large cat.
 The large cat misses the gnome lord.
 The gnome lord hits!
 It misses the gnome lord.
 The gnome lord hits!
 You see here a partly used candle (lit).
 It bites the gnome lord.
 The gnome lord misses it.
 The gnome lord just misses!
 It misses the gnome lord.
 The gnome lord hits!
 You smite the gnome lord!
 It bites the gnome lord.
 The gnome lord misses it.
 It bites the gnome lord.
 The gnome lord misses it.
 The gnome lord hits!
 You kill the gnome lord!
 You smite the flesh golem!
 The large cat picks up an orcish helm.
 The flesh golem hits!
 The flesh golem hits again!
 The flesh golem hits!
 The flesh golem hits again!
 You smite the flesh golem!
 You miss the flesh golem.
 The flesh golem hits!
 The flesh golem hits again!
 You die...
 Do you want your possessions identified? [ynq] (y) q

Inventory:
 Coins    ('$')
  $ - 124 gold pieces
 Amulets  ('"')
  D - an uncursed amulet of flying
  H - an uncursed amulet of life saving
  A - a cursed amulet of strangulation
 Weapons  (')')
  F - 58 +0 arrows (in quiver)
  j - 13 poisoned +0 orcish arrows
  v - a +0 elven bow (alternate weapon; not wielded)
  B - 10 blessed +0 darts
  J - 63 +0 darts
  a - a +0 battle-axe (weapon in hands)
  b - a +0 short sword
 Armor    ('[')
  s - an uncursed +0 dwarvish iron helm (being worn)
  w - an uncursed +0 pair of iron shoes (being worn)
  x - an uncursed +0 dwarvish cloak (being worn)
  y - an uncursed +0 dwarvish mithril-coat (being worn)
 Comestibles  ('%')
  d - 5 uncursed food rations
  n - 2 uncursed tripe rations
 Scrolls  ('?')
  p - 2 uncursed scrolls of blank paper
  G - a cursed scroll of blank paper
  o - 2 uncursed scrolls of confuse monster
  c - an uncursed scroll of create monster
  i - a cursed scroll of create monster
  P - an uncursed scroll of destroy armor
  h - an uncursed scroll of identify
  z - 4 uncursed scrolls of teleportation
 Potions  ('!')
  O - an uncursed potion of confusion
  V - an uncursed potion of fruit juice
  K - an uncursed potion of healing
  e - a blessed potion of monster detection
  S - an uncursed potion of restore ability
  Q - 2 uncursed potions of speed
  k - 3 uncursed potions of water
 Rings    ('=')
  t - an uncursed ring of fire resistance
  q - an uncursed ring of invisibility
 Wands    ('/')
  r - a wand of digging (0:4)
  m - a wand of make invisible (0:2)
 Tools    ('(')
  Z - an uncursed blindfold
  U - a can of grease (0:5)
  Y - an uncursed lock pick
  X - an uncursed magic lamp
  N - a magic marker (0:95)
  l - an uncursed oil lamp
  M - a +0 pick-axe
  E - an uncursed tin whistle
 Gems/Stones  ('*')
  I - an uncursed amethyst stone
  u - an uncursed jasper stone
  f - 2 uncursed worthless pieces of black glass
  L - 2 uncursed worthless pieces of green glass
  T - 3 uncursed worthless pieces of red glass
  g - an uncursed worthless piece of white glass
  R - an uncursed worthless piece of yellow glass
  C - 7 uncursed rocks

Barrb the Barbarian's attributes:

Background:
 You were a Bandit, a level 8 female human Barbarian.
 You were neutral, on a mission for Crom
 who was opposed by Mitra (lawful) and Set (chaotic).
 You were right-handed.
 You were in the Gnomish Mines, on level 11.
 You entered the dungeon 8412 turns ago.
 You had 2280 experience points, 280 more were needed to attain level 9.

Basics:
 You had 0 out of 89 hit points.
 You had all 32 energy points (spell power).
 Your armor class was 0.
 Your wallet contained 124 zorkmids.
 Autopickup was off.

Final Characteristics:
 Your strength was 18 (limit:18/100).
 Your dexterity was 14 (base:15, limit:18).
 Your constitution was 18 (limit:18).
 Your intelligence was 8 (limit:18).
 Your wisdom was 10 (limit:18).
 Your charisma was 7 (limit:18).

Final Status:
 You had wounded legs.
 You weren't hungry.
 You were stressed; movement was moderately slowed.
 You were wielding an axe.
 You had basic skill with axe and could have enhanced that.

Final Attributes:
 You were piously aligned.
 Your items were somewhat protected from fire.
 Your items were somewhat protected from cold.
 You were poison resistant.
 You were telepathic.
 You were guarded.
 You were fast.
 You are dead.

Miscellaneous:
 You didn't encounter any bones levels.
 Total elapsed playing time was 1 hour, 52 minutes and 48 seconds.

Major events:
 Turn
    1: Barrb the neutral female human Barbarian entered the dungeon
 1198: attained the rank of Pillager (level 3)
 1563: entered the Gnomish Mines
 3627: attained the rank of Bandit (level 6)
 4735: reached Mine Town
 8412: killed by a flesh golem

You didn't know any spells.

Skills:
 Fighting Skills
   bare handed combat [Basic]
   two weapon combat  [Unskilled]
   riding             [Unskilled]
 Weapon Skills
   dagger             [Unskilled]
   axe                [Basic]
   pick-axe           [Unskilled]
   short sword        [Basic]
   broadsword         [Unskilled]
   long sword         [Unskilled]
   two-handed sword   [Unskilled]
   saber              [Unskilled]
   club               [Unskilled]
   mace               [Unskilled]
   morning star       [Unskilled]
   flail              [Unskilled]
   hammer             [Unskilled]
   quarterstaff       [Unskilled]
   spear              [Unskilled]
   trident            [Unskilled]
   bow                [Unskilled]
 Spellcasting Skills
   attack spells      [Unskilled]
   escape spells      [Unskilled]

Voluntary challenges:
 Character rerolling was not enabled.
 You never genocided any monsters.
 You never polymorphed an object.
 You never changed form.
 You used no wishes.
Achievements:
 You entered a shop.
 You attained the rank of Pillager.
 You entered the Gnomish Mines.
 You attained the rank of Bandit.
 You entered Minetown.
 You entered a temple.

 The Dungeons of Doom: levels 1 to 6
    Level 1:
    Level 2:
       A general store, a fountain.
    Level 3:
       An altar.
    Level 4:
       A general store, a fountain.
       Stairs down to The Gnomish Mines.
    Level 5:
       Many fountains.
    Level 6:
       Many fountains.
 The Gnomish Mines: levels 5 to 11
    Level 5:
    Level 6:
    Level 7:
       Many shops, a temple and an altar, some fountains.
    Level 8:
    Level 9:
    Level 10:
    Level 11: <- You were here.
       Final resting place for
          you, killed by a flesh golem.


Vanquished creatures:
  a gargoyle
  2 human mummies
  a chameleon
  2 giant beetles
 an iron piercer
  a giant spider
  a gnome ruler
  a werewolf
  a dog
  a Woodland-elf
  a mountain nymph
 13 Uruk-hai
  3 rock moles
  a pony
  a yellow light
 14 gnome leaders
  5 gnomish wizards
  2 gray oozes
  a ghoul
 11 giant ants
  4 floating eyes
 16 dwarves
  2 homunculi
  a kobold leader
 13 hill orcs
  7 rothes
  a centipede
  a giant bat
  a monkey
  7 orc zombies
  a werejackal
  2 iguanas
  2 acid blobs
  2 coyotes
  a gas spore
  a hobbit
  2 large kobolds
  2 hobgoblins
  4 giant rats
  a green mold
  2 red molds
 45 gnomes
  2 geckos
  5 jackals
  a fox
  2 kobolds
  2 goblins
  3 sewer rats
 14 grid bugs
  2 bats
  7 lichens
  3 kobold zombies
  3 newts
226 creatures vanquished.

No species were genocided or became extinct.

Game over:
                       ----------
                      /          \
                     /    REST    \
                    /      IN      \
                   /     PEACE      \
                  /                  \
                  |      Barrb       |
                  |      124 Au      |
                  |   killed by a    |
                  |   flesh golem    |
                  |                  |
                  |                  |
                  |       2026       |
                 *|     *  *  *      | *
        _________)/\\_//(\/(/\)/\//\/|_)_______

Goodbye Barrb the Barbarian...

You died in The Gnomish Mines on dungeon level 11 with 9782 points,
and 124 pieces of gold, after 8412 moves.
You were level 8 with a maximum of 89 hit points when you died.

